 Dungeon Crawl Stone Soup version 0.20.1-1-g8b1a95d (webtiles) character file.

43 Folque the Magician (level 3, -1/24 HPs)
             Began as an Octopode Wizard on Mar 12, 2018.
             Slain by an orc (4 damage)
             ... on level 3 of the Dungeon.
             The game lasted 00:09:09 (1270 turns).

Folque the Magician (Octopode Wizard)               Turns: 1270, Time: 00:09:11

Health: -1/24      AC:  1    Str:  6    XL:     3   Next: 58%
Magic:  0/7        EV: 13    Int: 21    God:
Gold:   45         SH:  0    Dex: 10    Spells: 3/8 levels left

rFire    . . .     SeeInvis .   l - +0 dagger (speed)
rCold    . . .     Gourm    .   (no shield)
rNeg     . . .     Faith    .   a - +0 hat
rPois    .         Spirit   .   (no amulet)
rElec    .         Reflect  .   (no ring)
rCorr    .         Harm     .   (no ring)
MR       .....                  (no ring)
Stlth    +++.......             (no ring)
Regen    0.1/turn               (no ring)
MPRegen  0.1/turn               (no ring)
                                (no ring)
                                (no ring)

@: lethally poisoned (-1 -> -6), very slightly contaminated
A: almost no armour, stealthy swim, amphibious, 8 rings, constrict 8, camouflage
1, gelatinous body 1
a: no special abilities


You were on level 3 of the Dungeon.
You were hungry.

You visited 1 branch of the dungeon, and saw 3 of its levels.

You collected 45 gold pieces.

Inventory:

Hand Weapons
 g - a +0 club
 h - a +0 spear
 l - a +0 dagger of speed (weapon)
Armour
 a - a +0 hat (worn)
Jewellery
 e - an uncursed ring of protection from fire
 p - an uncursed amulet of faith {unknown}
Scrolls
 o - a scroll of blinking {unknown}
Potions
 i - a potion of lignification {unknown}
 k - 3 potions of flight {unknown}
Books
 b - a book of Minor Magic

   Spells                             Type                      Level
   a - Magic Dart                     Conjuration                  1
   b - Blink                          Translocation                2
   c - Call Imp                       Summoning                    2
   d - Slow                           Hexes                        2
   e - Conjure Flame                  Conjuration/Fire             3
   f - Mephitic Cloud                 Conjuration/Poison/Air       3
Comestibles
 c - a bread ration
 d - 3 chunks of flesh
 f - 2 meat rations


   Skills:
 - Level 2.0 Fighting
 - Level 2.0 Dodging
 - Level 2.6 Stealth
 + Level 3.3 Spellcasting
 * Level 1.9 Conjurations
 - Level 1.0 Summonings
 - Level 1.0 Translocations


You had 3 spell levels left.
You knew the following spells:

 Your Spells              Type           Power        Failure   Level  Hunger
a - Magic Dart            Conj           ##..         6%          1    None
b - Call Imp              Summ           #.......     13%         2    ##.....
c - Blink                 Tloc           N/A          13%         2    ##.....


Dungeon Overview and Level Annotations

Branches:
Dungeon (3/15)

Altars:


Innate Abilities, Weirdness & Mutations

You cannot wear most types of armour.
You are very stealthy in the water. (Stealth+)
You are amphibious.
You can wear up to eight rings at the same time.
You can use your tentacles to constrict eight enemies at once.
Your skin changes colour to match your surroundings (Stealth+).
Your rubbery body absorbs attacks. (AC +1, EV +1)


Message History

The hobgoblin shouts!
The hobgoblin moves out of view.
You barely miss the adder. Your grab misses the adder. The adder misses you.
You hit the adder. Your grab misses the adder.
The adder is moderately wounded.
Your white imp disappears in a puff of smoke!
The adder closely misses you.
You hit the hobgoblin. Your grab misses the hobgoblin.
You squeeze the hobgoblin.
You kill the hobgoblin!
The adder bites you.
* * * LOW HITPOINT WARNING * * *
The adder closely misses you.
Casting: Call Imp
Confirm with . or Enter, or press ? or * to list all spells.
You miscast Call Imp.
Nothing appears to happen.
The adder bites you.
* * * LOW HITPOINT WARNING * * *
You are lethally poisoned!
The adder poisons you! The orc hits you.
You die...

### ..# #.#
.#######.#########
.................#
.....(...#######.#
#####..#.g.o....#
#.So#######.#
#.@## #.# #..####
#5##
#.#.."..#####..#
#.........5..g.#
..#.?##.#####..#
#.#..##.# #..#
.#...##.# #..# .#
#$.##5###....#
#............


You could see an adder, an orc and a hobgoblin.

Vanquished Creatures
  A gnoll (D:2)
  A dart slug (D:1)
  3 bats
  A giant cockroach (D:2)
  5 hobgoblins
  2 frilled lizards
  4 goblins
  A rat (D:1)
18 creatures vanquished.

Vanquished Creatures (collateral kills)
  2 gnolls (D:2)
  A worm (D:2)
  2 orcs (D:3)
  A hobgoblin (D:2)
  A rat (D:3)
7 creatures vanquished.

Grand Total: 25 creatures vanquished

Notes
Turn   | Place    | Note
-------+----------+-------------------------------------------
     0 | D:1      | Folque the Octopode Wizard began the quest for the Orb.
     0 | D:1      | Reached XP level 1. HP: 11/11 MP: 4/4
   183 | D:1      | Reached skill level 1 in Fighting
   461 | D:1      | Reached XP level 2. HP: 15/18 MP: 6/6
   474 | D:1      | Learned a level 2 spell: Call Imp
   477 | D:1      | Learned a level 2 spell: Blink
   985 | D:2      | Reached XP level 3. HP: 24/24 MP: 0/7
  1270 | D:3      | Slain by an orc

Skill      XL: |  1  2 |
---------------+-------+-----
Fighting       | 1 2 |  2.0
Dodging        | |  2.0
Stealth        | |  2.6
Spellcasting   | |  3.3
Conjurations   | |  1.9
Summonings     | |  1.0
Translocations | |  1.0

Action                   || total
-------------------------++-------
Melee: Unarmed           ||    15
       Constrict         ||    10
       Club              ||     7
       Tentacles         ||     6
       Spear             ||    20
       Dagger            ||     7
Throw: Throwing net      ||     1
 Cast: Call Imp          ||    13
       Magic Dart        ||     6
  Use: Scroll            ||     3
 Stab: Sleeping          ||     5
  Eat: Chunk             ||     1
Armor: Skin              ||     4
Dodge: Dodged            ||    41
